 Dungeon Crawl Stone Soup version 0.29-a0-266-gf56f883ddd (webtiles) character file.

Game seed: 9974414335264225845

6254 Crownlay the Thaumaturge (level 10, -7/50 HPs)
             Began as a Gargoyle Earth Elementalist on Mar 6, 2022.
             Was an Initiate of Vehumet.
             Mangled by a death yak (12 damage)
             ... on level 9 of the Dungeon.
             The game lasted 00:16:04 (11155 turns).

Crownlay the Thaumaturge (GrEE)                    Turns: 11155, Time: 00:16:05

Health: -7/50      AC: 10    Str: 11    XL:     10   Next: 93%
Magic:  16/26      EV: 15    Int: 27    God:    Vehumet [......]
Gold:   533        SH:  0    Dex: 10    Spells: 27/33 levels left

rFire   + . .      SeeInvis .   o - +2 short sword (holy)
rCold   + . .      Faith    .   (no shield)
rNeg    + . .      Spirit   .   f - +1 robe {rC+ rF+}
rPois   ∞          Reflect  .   (no helmet)
rElec   +          Harm     .   (no cloak)
rCorr   .          Rampage  .   (no gloves)
Will    .....                   (no boots)
Stlth   ++........              (no amulet)
HPRegen 0.16/turn               h - +6 ring of intelligence
MPRegen 0.20/turn               v - +4 ring of evasion

@: no status effects
A: sickness immunity, AC +7, negative energy resistance 1, electricity
resistance, torment resistance 1, petrification resistance
a: Renounce Religion


You were on level 9 of the Dungeon.
You worshipped Vehumet.
Vehumet was noncommittal.
You visited 2 branches of the dungeon, and saw 10 of its levels.

You collected 533 gold pieces.

Inventory:

Hand Weapons
 o - a +2 short sword of holy wrath (weapon)
Missiles
 c - 23 stones
Armour
 f - a +1 robe of resistance (worn)
Jewellery
 g - a ring of positive energy
 h - a +6 ring of intelligence (left hand)
 v - a +4 ring of evasion (right hand)
Wands
 e - a wand of charming (3)
 k - a wand of acid (4)
 q - a wand of flame (13)
 t - a wand of iceblast (8)
Scrolls
 d - a scroll of summoning {unknown}
 j - a scroll of immolation {unknown}
 n - a scroll of magic mapping {unknown}
 s - 2 scrolls of enchant armour
 u - a scroll of noise {unknown}
 w - a scroll of identify
Potions
 a - a potion of magic
 b - a potion of haste {unknown}
 i - a potion of mutation {unknown}
 l - 5 potions of curing
 m - 3 potions of might {unknown}
 p - 3 potions of ambrosia
 r - a potion of resistance {unknown}
 x - 2 potions of heal wounds {unknown}
 z - a potion of berserk rage {unknown}


   Skills:
 - Level 1.5 Dodging
 - Level 2.1 Stealth
 * Level 12.2 Spellcasting
 - Level 0.7 Transmutations
 + Level 11.7 Earth Magic


You had 27 spell levels left.
You knew the following spells:

 Your Spells              Type           Power      Damage    Failure   Level
a - Sandblast             Erth           100%       2d20      1%          1
b - Passwall              Tmut/Erth      41%        N/A       1%          2
c - Stone Arrow           Conj/Erth      96%        3d13      1%          3

Your spell library contained the following spells:

 Spells                   Type           Power      Damage    Failure   Level
 Petrify                  Tmut/Erth      50%        N/A       2%          4
 Summon Small Mammal      Summ           64%        N/A       3%          1
 Blink                    Tloc           32%        N/A       5%          2
 Corpse Rot               Necr/Air       32%        N/A       5%          2
 Poisonous Vapours        Pois/Air       32%        N/A       5%          2
 Ignite Poison            Fire/Tmut/Pois 17%        N/A       10%         3
 Call Canine Familiar     Summ           16%        N/A       11%         3
 Conjure Flame            Conj/Fire      16%        6-21      11%         3
 Frozen Ramparts          Ice            32%        1d5       11%         3
 Gell's Gravitas          Tloc           16%        N/A       11%         3
 Summon Guardian Golem    Hex/Summ       16%        N/A       11%         3
 Teleport Other           Tloc           16%        N/A       11%         3
 Ice Form                 Ice/Tmut       18%        N/A       28%         4
 Sticky Flame             Conj/Fire      16%        2d4       34%         4
 Summon Ice Beast         Ice/Summ       16%        N/A       34%         4
 Fireball                 Conj/Fire      8%         3d6       67%         5
 Iskenderun's Battlesphe  Conj           16%        2d7       67%         5
 Manifold Assault         Tloc           16%        N/A       67%         5
 Conjure Ball Lightning   Conj/Air       8%         3x3d6     99%         6
 Dispersal                Tloc           8%         N/A       99%         6
 Orb of Destruction       Conj           8%         9d6       100%        7
 Storm Form               Tmut/Air       9%         N/A       100%        7


Dungeon Overview and Level Annotations

Branches:
Dungeon (9/15)             Temple (1/1) D:5
   Lair: D:8-11         Orc: D:9-12

Altars:
Ashenzari
Cheibriados
Dithmenos
Elyvilon
Fedhas
Gozag
Hepliaklqana
Kikubaaqudgha
Makhleb
Nemelex Xobeh
Okawaru
Qazlal
Ru
Trog
Uskayaw
Vehumet
Wu Jian
Xom
Yredelemnul
Zin
The Shining One


Innate Abilities, Weirdness & Mutations

You are immune to sickness and miasma.
Your stone body is resilient. (AC +7)
You are immune to poison.
You resist negative energy. (rN+)
You are resistant to electric shocks. (rElec)
You are resistant to unholy torment.
You are immune to petrification.


Message History

The stone arrow hits the death yak!
The death yak is moderately wounded.
The death yak snorts and paws the ground.
The stone arrow hits the death yak!!
The death yak is moderately wounded.
The stone arrow hits the death yak!!
The death yak is severely wounded.
The death yak gores you!!
The death yak snorts and paws the ground.
The stone arrow hits the death yak!!
The death yak is almost dead.
The death yak gores you!!
* * * LOW HITPOINT WARNING * * *
A death yak comes into view.
Casting: Stone Arrow (safe; 1% risk of failure)
Confirm with . or Enter, or press ? or * to list all spells.
Aiming: Stone Arrow (safe; 1% risk of failure)
Press: ? - help, Shift-Dir - straight line, f/p - death yak
Aim: a death yak (almost dead, 92% to hit)
The stone arrow hits the death yak!!
You kill the death yak!
Vehumet accepts your kill.
Your Spellcasting skill increases to level 12!
Okay, then.
Okay, then.
Okay, then.
The death yak attacks as you move away! The death yak misses you.
The death yak attacks as you move away!
The death yak gores you but does no damage.
The death yak attacks as you move away! The death yak barely misses you.
The death yak attacks as you move away!
The death yak gores you but does no damage.
A death yak comes into view.
The death yak bellows!
You hear a bellow!
A death yak comes into view.
A death yak comes into view.
The death yak attacks as you move away! The death yak misses you.
The death yak attacks as you move away! The death yak closely misses you.
The death yak attacks as you move away! The death yak gores you!
You die...

..≈.#####.....≈.#
#.≈.#....####.≈.#
..≈.#.≈≈≈...#.≈Y#
..≈.#.≈_.≈≈.#.≈.#
..≈.#.≈...≈.#.≈.##
#.≈.#...#.≈.#.#
#.≈.##._#.≈.#.#
#.≈...###.≈.#Y# .≈
#.≈≈≈≈....≈.#@#
.≈.#.....≈≈≈≈≈.#.#
)≈†######......#.#
#≈.†.)...#######.#
.≈≈≈≈≈≈≈≈........#
...#......######.#
...#.............#
...#......########
...#......#


You could see 2 death yaks.

Vanquished Creatures
  A two-headed ogre (D:7)
  A death yak (D:9)
  Joseph (D:7)
  2 kobold demonologists (D:8)
  Prince Ribbit (D:7)
  Sigmund (D:6)
  A vampire mosquito (D:8)
  2 water moccasins (D:6)
  An orc warrior (D:9)
  4 sky beasts
  A black bear (D:6)
  2 ogres
  3 phantoms
  2 centaurs
  3 kobold brigands (D:8)
  5 bullfrogs
  A gnoll sergeant (D:8)
  7 scorpions
  A wight (D:6)
  9 killer bees
  5 electric eels
  2 jellies (D:6)
  8 orc priests
  3 hounds
  3 iguanas
  5 orc wizards
  5 gnolls (D:8)
  6 adders
  A white imp (D:7)
  An ufetubus (D:6)
  5 dart slugs
  5 worms
  30 orcs
  5 ball pythons
  6 endoplasms
  2 giant cockroaches
  8 goblins
  5 hobgoblins
  5 quokkas
  3 bats
  2 frilled lizards
  18 kobolds
  6 rats
188 creatures vanquished.

Vanquished Creatures (others)
  A black bear (D:6)
  An ogre (D:6)
2 creatures vanquished.

Grand Total: 190 creatures vanquished

Notes
Turn   | Place    | Note
-------+----------+-------------------------------------------
     0 | D:1      | Crownlay the Gargoyle Earth Elementalist began the quest
                  | for the Orb.
     0 | D:1      | Reached XP level 1. HP: 10/10 MP: 3/3
   354 | D:1      | Reached XP level 2. HP: 14/15 MP: 5/5
  1427 | D:1      | Reached XP level 3. HP: 16/19 MP: 7/7
  1608 | D:2      | Identified the ring "Liwu Goty" {rElec rPois}
  1722 | D:2      | Reached skill level 3 in Spellcasting
  2308 | D:2      | Found a faded altar of an unknown god.
  2661 | D:2      | Reached XP level 4. HP: 16/24 MP: 9/9
  3399 | D:3      | Found a hide-covered altar of Uskayaw.
  3441 | D:3      | Learned a level 2 spell: Passwall
  3445 | D:3      | Learned a level 3 spell: Stone Arrow
  3614 | D:3      | Found a white marble altar of Elyvilon.
  4273 | D:3      | Found an ornate altar of the Wu Jian Council.
  4648 | D:4      | Reached XP level 5. HP: 7/28 MP: 7/10
  4741 | D:4      | Reached skill level 4 in Spellcasting
  4889 | D:4      | Reached skill level 5 in Earth Magic
  4892 | D:4      | Noticed a phantom
  4919 | D:4      | Reached XP level 6. HP: 25/32 MP: 4/13
  4923 | D:4      | Reached skill level 5 in Spellcasting
  5038 | D:4      | Found a snail-covered altar of Cheibriados.
  5579 | D:4      | Found a burning altar of Makhleb.
  5722 | D:5      | Entered Level 5 of the Dungeon
  5733 | D:5      | Found a staircase to the Ecumenical Temple.
  5751 | Temple   | Entered the Ecumenical Temple
  5845 | D:5      | Reached XP level 7. HP: 36/36 MP: 12/15
  5879 | D:5      | Reached skill level 6 in Spellcasting
  6451 | D:5      | Reached XP level 8. HP: 35/41 MP: 16/18
  6503 | D:5      | Reached skill level 7 in Spellcasting
  6719 | D:6      | Noticed Sigmund
  6727 | D:6      | Killed Sigmund
  6856 | D:6      | Reached skill level 8 in Spellcasting
  6924 | D:6      | Found a glowing golden altar of the Shining One.
  6991 | D:6      | Found a shimmering altar of Xom.
  7005 | D:6      | Reached XP level 9. HP: 27/45 MP: 0/21
  7285 | D:6      | Reached skill level 9 in Spellcasting
  8124 | D:7      | Noticed Joseph
  8133 | D:7      | Killed Joseph
  8506 | D:7      | Noticed Prince Ribbit
  8510 | D:7      | Killed Prince Ribbit
  8511 | D:7      | Reached skill level 10 in Spellcasting
  8667 | D:7      | Reached skill level 10 in Earth Magic
  9132 | D:7      | Found a hazy altar of Hepliaklqana.
  9164 | D:8      | Noticed a two-headed ogre
  9169 | D:8      | Reached XP level 10. HP: 37/50 MP: 18/24
  9177 | D:7      | Killed a two-headed ogre
  9182 | D:7      | Reached skill level 11 in Spellcasting
  9451 | D:8      | Found an iron altar of Okawaru.
  9493 | D:8      | Noticed a kobold demonologist
  9498 | D:8      | Killed a kobold demonologist
  9499 | D:8      | Noticed a kobold demonologist
  9502 | D:8      | Killed a kobold demonologist
 11076 | D:9      | Found a radiant altar of Vehumet.
 11081 | D:9      | Found a broken altar of Ashenzari.
 11086 | D:9      | Became a worshipper of Vehumet
 11119 | D:9      | Noticed a death yak
 11120 | D:9      | Noticed a death yak
 11138 | D:9      | Noticed a death yak
 11139 | D:9      | Killed a death yak
 11140 | D:9      | Reached skill level 12 in Spellcasting
 11147 | D:9      | Noticed a death yak
 11148 | D:9      | Noticed a death yak
 11149 | D:9      | Noticed a death yak
 11155 | D:9      | Mangled by a death yak

Illustrated notes

Levels and vault maps discovered:
D:1:      psy_arrival_terrarium, layout_loops_corners, minmay_pentomino_z2
D:2:      layout_basic, ebering_ecumenical_altar_abandoned
D:3:      layout_basic, nicolae_wu_jian_immortal_techniques,
          lemuel_doored_altar, mainiacjoe_overflow_brackets,
          minmay_crystal_water, minmay_starry_boxes
D:4:      layout_loops_cross, mainiacjoe_overflow_big_doors
D:5:      layout_loops_ring, minmay_temple_entry_gardened_gates,
          hangedman_abyss_or_decor_jellyfish_corner
D:6:      layout_basic, xom_confusion_cloud,
          mainiacjoe_overflow_concentric_impassable, amcnicky_mini_pool_medium,
          uniq_sigmund
D:7:      layout_basic, nicolae_hepliaklqana_hippocampus, uniq_joseph,
          uniq_prince_ribbit1
D:8:      layout_loops_ring, marbit_many_paths
D:9:      layout_irregular_city, nicolae_overflow_squiral, dpeg_lair_monsters,
          st_stairs_8, kennysheep_boxes
Temple:   cyrus_temple_forest

Skill      XL: |  1  2  3  4  5  6  7  8  9 10 |
---------------+-------------------------------+-----
Earth Magic    | 4 5 6 7 8 10 11 | 11.7
Spellcasting   | 3 4 5 6 8 10 12 | 12.2
Dodging        | |  1.5
Stealth        | |  2.1
Transmutations | |  0.7

Action                   |  1- 3 |  4- 6 |  7- 9 | 10-12 || total
-------------------------+-------+-------+-------+-------++-------
Melee: Club              |   107 |       |       |       ||   107
       Punch             |     3 |       |       |     1 ||     4
       Short sword       |    17 |    73 |       |    22 ||   112
Throw: Stone             |       |     1 |       |       ||     1
 Cast: Sandblast         |    22 |    59 |    85 |    12 ||   178
       Stone Arrow       |       |       |    19 |    69 ||    88
Evoke: Wand              |       |       |     2 |     9 ||    11
  Use: Scroll            |       |     5 |     3 |     1 ||     9
       Potion            |       |       |       |     1 ||     1
 Stab: Sleeping          |     1 |     2 |       |       ||     3
Armor: Robe              |    58 |    53 |    14 |     8 ||   133
Dodge: Dodged            |    87 |    63 |    24 |    45 ||   219

Table legend: (Time is in decaauts)
 A = Elapsed time spent in this place.
 B = Non-inter-level travel time spent in this place.
 C = Inter-level travel time spent in this place.
 D = Time resting spent in this place.
 E = Time spent auto-exploring this place.
 F = Levels seen in this place.
 G = Mean time per level.
                   A        B        C        D        E       F      G
               +--------+--------+--------+--------+--------+-----+--------+
         Total |  11203 |  10811 |    392 |     55 |   9377 |  10 | 1120.3 |
       Dungeon |  11118 |  10766 |    352 |     55 |   9339 |   9 | 1235.3 |
        Temple |     84 |     44 |     40 |      0 |     38 |   1 |   84.0 |
               +--------+--------+--------+--------+--------+-----+--------+

Top non-repeatable levels by time:
     D:2: 1787 daAuts
     D:1: 1585 daAuts
     D:8: 1430 daAuts
     D:6: 1293 daAuts
     D:7: 1286 daAuts
     D:3: 1285 daAuts
     D:4: 1102 daAuts
     D:5: 1012 daAuts
     D:9: 334 daAuts
  Temple: 84 daAuts
